 Dungeon Crawl Stone Soup version 0.29.1 (webtiles) character file.

Game seed: 12749257497845251784

21 qw the Chopper (level 2, -2/26 HPs)
             Began as a Minotaur Berserker on Sept 13, 2022.
             Was a Follower of Trog.
             Slain by Sigmund
             ... wielding a +0 scythe
              (6 damage)
             ... on level 2 of the Dungeon.
             The game lasted 00:00:17 (612 turns).

qw the Chopper (Minotaur Berserker)                  Turns: 612, Time: 00:00:17

Health: -2/26      AC:  6    Str: 21    XL:     2   Next: 62%
Magic:  1/1        EV: 10    Int:  4    God:    Trog [*.....]
Gold:   43         SH:  0    Dex:  9    Spells: 1/1 levels left

rFire   . . .      SeeInvis .   Y - +0 hand axe
rCold   . . .      Faith    .   (no shield)
rNeg    + . .      Spirit   .   h - +0 scale mail
rPois   .          Reflect  .   (helmet restricted)
rElec   .          Harm     .   (no cloak)
rCorr   .          Rampage  .   (no gloves)
Will    .....                   (no boots)
Stlth   ..........              (no amulet)
HPRegen 0.08/turn               e - ring of positive energy
MPRegen 0.07/turn               (no ring)

@: confused, on berserk cooldown, slowed, very slow
A: horns 2, retaliatory headbutt
a: Renounce Religion, Berserk


You were on level 2 of the Dungeon.
You worshipped Trog.
Trog was aware of your devotion.
You visited 1 branch of the dungeon, and saw 2 of its levels.

You collected 43 gold pieces.


Innate Abilities, Weirdness & Mutations

You have a pair of horns on your head.
You reflexively headbutt those who attack you in melee.


   Skills:
 - Level 3.6 Fighting
 + Level 4.8 Axes
 - Level 2.4 Armour
 - Level 2.1 Dodging


You had one spell level left.
You didn't know any spells.
Your spell library was empty.

Inventory:

Hand Weapons
 c - a +0 whip
 Y - a +0 hand axe (weapon)
Armour
 h - a +0 scale mail (worn)
Jewellery
 e - a ring of positive energy (left hand)
Scrolls
 a - a scroll of teleportation
Potions
 i - a potion of brilliance {unknown}

Dungeon Overview and Level Annotations

Branches:
Dungeon (2/15)

Altars:

Annotations:
D:2 Sigmund


Message History

You now have 43 gold pieces (gained 6).
a - a scroll of teleportation
Found a stone staircase leading down.
There is a stone staircase leading down here.
Sigmund the Dreaded comes into view.
He is wielding a +0 scythe.
Sigmund shouts!
Sigmund casts a spell.
Sigmund flickers and vanishes!
Deactivating autopickup; reactivate with Ctrl-A.
602 ||| INVOKING Berserk.
A red film seems to cover your vision as you go berserk!
You feel yourself moving faster!
You feel mighty!
You swing at nothing.
You feel a strong urge to attack something.
You swing at nothing.
You swing at nothing.
You feel your anger nearly subside.
A magic dart appears from out of thin air!
The magic dart hits you.
A kobold comes into view. It is wielding a +0 short sword.
You are no longer berserk.
You are exhausted.
You feel yourself slow down.
The kobold shouts!
Something hits you.
You closely miss something. Your headbutt misses something. Something hits you.
You barely miss something. Something hits you.
You barely miss something.
The kobold throws a stone.
The stone hits you but does no damage. Something hits you.
You miss something.
You hear some strange, mumbled words.
You are confused.
You bump into the rock wall.
Something hits you.
You closely miss something. You headbutt something! Something hits you.
You die...

#.# #.. ... #######.#
#.# #.#
#.....#.###.###.#
#.###.#.#.......# #.#
#.........>.#
..###.###.#.#.#.#
......###.#.#.#.#
.......)..#.#.#.###.#..#
########..#.....@{K.....
#..##.###########
#####..##.# #......##.#
#.####.##.# ##...#.##
#.##.......####
#........#.......
#.##...<...######


You could see a kobold.

Vanquished Creatures
  An endoplasm (D:1)
  2 hobgoblins (D:1)
  4 bats (D:1)
  3 frilled lizards
  5 goblins (D:1)
  2 kobolds
  3 rats (D:1)
20 creatures vanquished.

Notes
Turn   | Place    | Note
-------+----------+-------------------------------------------
     0 | D:1      | qw the Minotaur Berserker began the quest for the Orb.
     0 | D:1      | Reached XP level 1. HP: 19/19 MP: 0/0
     0 | D:1      | 0 ||| qw: Version: 0.1-a-119-g272c26d
     0 | D:1      | 0 ||| qw: Game counter: 11183
     0 | D:1      | 0 ||| qw: Always use a shield: true
     0 | D:1      | 0 ||| qw: Do Orc after D:15 true
     0 | D:1      | 0 ||| qw: Do second Lair branch before Depths: true
     0 | D:1      | 0 ||| qw: Lair rune preference: random
     0 | D:1      | 0 ||| qw: Plans: Normal
     0 | D:1      | 0 ||| PLANNING D:1-11
   167 | D:1      | Reached skill level 4 in Axes
   266 | D:1      | Reached XP level 2. HP: 26/26 MP: 1/1
   494 | D:1      | 494 ||| UPGRADING to +0 leather armour.
   504 | D:1      | 504 ||| DROPPING +0 animal skin.
   505 | D:1      | 505 ||| UPGRADING to +0 scale mail.
   515 | D:1      | 515 ||| DROPPING +0 leather armour.
   516 | D:1      | 516 ||| UPGRADING to ring of positive energy.
   517 | D:1      | 517 ||| READING scroll labelled ISENNATOQE.
   518 | D:1      | 518 ||| READING scroll labelled DOUSOY CONONWA.
   601 | D:2      | Noticed Sigmund
   602 | D:2      | 602 ||| INVOKING Berserk.
   611 | D:2      | HP: 4/26 [something (4)]
   612 | D:2      | Slain by Sigmund

Levels and vault maps discovered:
D:1:      dpeg_arrival_subterranean_lakeside_camping, layout_rooms,
          minmay_misc_feat_five, amethyst_killhole
D:2:      layout_loops_ring, serial_shops, nicolae_shop_window_shopping,
          uniq_sigmund

Skill      XL: |  1 |
---------------+----+-----
Axes           | 4 |  4.8
Fighting       | |  3.6
Armour         | |  2.4
Dodging        | |  2.1

Action                   || total
-------------------------++-------
Melee: Hand axe          ||    48
       Headbutt          ||     5
Invok: Berserk           ||     1
  Use: Scroll            ||     2
Armor: Animal skin       ||     5
       Scale mail        ||     3
Dodge: Dodged            ||    29

Table legend:
 A = Non-vault XP
 B = Vault XP
 C = Vault XP percentage of total XP
 D = Non-vault monster count
 E = Vault monster count
 F = Vault count percentage of total count
                 A         B        C        D         E       F
            +---------+---------+-------+---------+---------+-------
      Total |      20 |      10 |  33.3 |      14 |       6 |  30.0
            +---------+---------+-------+---------+---------+-------
        D:1 |      18 |      10 |  35.7 |      12 |       6 |  33.3
        D:2 |       2 |       0 |   0.0 |       2 |       0 |   0.0
            +---------+---------+-------+---------+---------+-------
